 Dungeon Crawl Stone Soup version 0.13-a0-2116-g5cefd36 (webtiles) character file.

1212 Kae the Ruinous (level 8, -3/41 HPs)
             Began as a Tengu Fire Elementalist on June 27, 2013.
             Slain by a crimson imp
             ... wielding a +0,+4 flail of crushing
              (9 damage)
             ... on Level 5 of the Dungeon.
             The game lasted 00:10:37 (5325 turns).

Kae the Ruinous (Tengu Fire Elementalist)           Turns: 5325, Time: 00:10:37

HP  -3/41        AC  3     Str  8      XL: 8   Next: 21%
MP  19/19        EV 18     Int 18      God:
Gold 202         SH  0     Dex 20      Spells:  3 memorised,  8 levels left

Res.Fire  : . . .   See Invis. : .   q - +3,+2 quarterstaff (chaos)
Res.Cold  : . . .   Warding    : .   a - +0 robe
Life Prot.: . . .   Conserve   : .   (no shield)
Res.Poison: .       Res.Corr.  : .   (helmet restricted)
Res.Elec. : .       Clarity    : .   s - +0 cloak
Sust.Abil.: . .     Spirit.Shd : .   (no gloves)
Res.Mut.  : .       Stasis     : .   (boots unavailable)
Res.Rott. : .       Flight     : .   (no amulet)
Saprovore : . . .                    (no ring)
                                     (no ring)

@: agile, slowed, very slow, slightly resistant to hostile enchantments, quite
stealthy
A: able to fly, beak, talons 3
a: Fly


You were on level 5 of the Dungeon.
You were hungry.

You visited 1 branch of the dungeon, and saw 5 of its levels.

You collected 182 gold pieces.

Inventory:

Hand weapons
 q - a +3,+2 quarterstaff of chaos (weapon)
Armour
 a - a +0 robe (worn)
 s - a +0 cloak (worn)
Magical devices
 y - a wand of magic darts (0)
Comestibles
 c - 2 bread rations
 d - 2 apples
 v - 3 meat rations
Scrolls
 e - a scroll of fear {unknown}
 g - a scroll of curse jewellery {unknown}
 j - 3 scrolls of noise {unknown}
 l - a scroll of blinking {unknown}
 m - 2 scrolls of enchant armour {unknown}
 u - 4 scrolls of remove curse
 x - 2 scrolls of identify
Potions
 i - a potion of restore abilities
 t - 2 potions of might
Books
 b - a book of Flames

   Spells                             Type                      Level
   *Flame Tongue                      Conjuration/Fire             1
   *Throw Flame                       Conjuration/Fire             2
   *Conjure Flame                     Conjuration/Fire             3
   Inner Flame                        Hexes/Fire                   3
   Sticky Flame                       Conjuration/Fire             4
   Fireball                           Conjuration/Fire             5
 o - a Grand Grimoire {highlevel}

   This book is beyond your current level of understanding.

   Spells                             Type                      Level
   Demonic Horde                      Summoning                    6
   Mass Abjuration                    Summoning                    6
   Haunt                              Necromancy/Summoning         7
   Summon Greater Demon               Summoning                    7
   Malign Gateway                     Summoning/Translocation      7
   Summon Horrible Things             Summoning                    8


   Skills:
 - Level 2.1 Dodging
 - Level 2.0 Stealth
 + Level 3.7 Spellcasting
 * Level 7.4 Conjurations
 * Level 7.1 Fire Magic


You had 8 spell levels left.
You knew the following spells:

 Your Spells              Type           Power        Failure   Level  Hunger
a - Flame Tongue          Conj/Fire      ####.        1%          1    None
b - Throw Flame           Conj/Fire      ####..       1%          2    ##.....
c - Conjure Flame         Conj/Fire      ####....     2%          3    ###....


Dungeon Overview and Level Annotations

Branches:
Dungeon (5/27)
 Temple: D:4-7

Altars:

Shops:
D:4: [

Annotations
D:2 Sigmund


Innate Abilities, Weirdness & Mutations

You can fly.
You have a beak for a mouth.
You have claws for feet.


Message History

The explosion of exploding dart fragments engulfs the crimson imp.
The kobold throws an exploding dart.
The exploding dart hits you!
* * * LOW HITPOINT WARNING * * *
The exploding dart explodes!
The explosion of exploding dart fragments engulfs you!
* * * LOW HITPOINT WARNING * * *
The explosion of exploding dart fragments engulfs the crimson imp.
The crimson imp closely misses you.
Unknown command.
Unknown command.
You barely miss the crimson imp. Your peck misses the crimson imp.
The crimson imp is severely wounded.
The crimson imp shouts, "Fly, thou gleeking magpie-eyed dewberry!"
The crimson imp closely misses you.
Unknown command.
Unknown command.
You completely miss the crimson imp. You claw the crimson imp.
The crimson imp is almost dead.
The crimson imp hits you with a runed flail!
You die...

.#.#.#.#.#...........#
#.#.#.#.#.#..........#
.#.#.#.#.#...........######
#.#.#.#.#.#................
.#..#############.#########
.).....................##
.################.##....###..
.....[.......K.....).........
(.........####.(@..#.......$.
..........####..5.>##........
...................# .......
...........<................
..........####.....##.......
.........#####.....# ......
.................... ....#
.....##..#####...........
.....##..# ..... .


You could see a crimson imp and a kobold.

Vanquished Creatures
  The ghost of Grabo the Insei, an average DrTm (D:4)
  Edmund (D:5)
  2 ogres
  A centaur zombie (D:5)
  A hound (D:4)
  Crazy Yiuf (D:2)
  A gnoll shaman (D:5)
  An orc priest (D:4)
  2 worker ants
  A jelly (D:5)
  Terence (D:3)
  12 gnolls
  8 adders
  2 worms (D:3)
  4 giant geckos
  An ooze (D:2)
  7 orcs
  2 ball pythons
  9 bats
  3 giant cockroaches
  8 hobgoblins
  6 quokkas
  4 giant newts
  15 goblins
  6 jackals
  16 kobolds
  16 rats
132 creatures vanquished.

Vanquished Creatures (others)
  A kobold (D:5)
  A giant newt (D:2)
2 creatures vanquished.

Grand Total: 134 creatures vanquished

Notes
Turn   | Place    | Note
--------------------------------------------------------------
     0 | D:1      | Kae, the Tengu Fire Elementalist, began the quest for the Orb.
     0 | D:1      | Reached XP level 1. HP: 10/10 MP: 3/3
   156 | D:1      | Reached XP level 2. HP: 15/15 MP: 5/5
   160 | D:1      | Learned a level 2 spell: Throw Flame
   419 | D:1      | Reached XP level 3. HP: 15/19 MP: 5/7
   963 | D:2      | Reached skill level 4 in Fire Magic
  1382 | D:2      | Reached XP level 4. HP: 8/24 MP: 3/8
  2305 | D:2      | Noticed Sigmund
  2556 | D:2      | Noticed Crazy Yiuf
  2563 | D:2      | Killed Crazy Yiuf
  2563 | D:2      | Reached XP level 5. HP: 28/28 MP: 6/11
  3037 | D:3      | Noticed Terence
  3047 | D:3      | Learned a level 3 spell: Conjure Flame
  3056 | D:3      | Killed Terence
  3056 | D:3      | Reached skill level 5 in Fire Magic
  3537 | D:3      | Reached XP level 6. HP: 29/32 MP: 1/13
  3839 | D:4      | Found Titseqoa's Antique Armour Boutique.
  3840 | D:4      | Noticed Grabo's ghost (average DrTm)
  3854 | D:3      | Reached skill level 5 in Conjurations
  4172 | D:4      | Killed Grabo's ghost
  4414 | D:4      | Reached XP level 7. HP: 34/36 MP: 11/16
  4431 | D:4      | Reached skill level 6 in Fire Magic
  4760 | D:5      | Entered Level 5 of the Dungeon
  5068 | D:5      | Reached XP level 8. HP: 33/41 MP: 11/19
  5135 | D:5      | Reached skill level 7 in Conjurations
  5217 | D:5      | Noticed Edmund
  5226 | D:5      | HP: 2/41 [Edmund/runed flail (5)]
  5232 | D:5      | HP: 2/41 [Edmund/runed flail (15)]
  5234 | D:5      | Killed Edmund
  5309 | D:5      | Paralysed by a potion of paralysis for 4 turns
  5325 | D:5      | Slain by a crimson imp

Action                   |  1- 3 |  4- 6 |  7- 9 || total
-------------------------+-------+-------+-------++-------
Melee: Unarmed           |    58 |    17 |       ||    75
       Quarterstaff      |       |    10 |     8 ||    18
 Cast: Flame Tongue      |    57 |   163 |    58 ||   278
       Conjure Flame     |       |     3 |       ||     3
       Throw Flame       |       |     2 |    15 ||    17
Evoke: Wand              |       |       |     8 ||     8
  Use: Potion            |       |     3 |     8 ||    11
       Scroll            |       |     6 |     2 ||     8
 Stab: Sleeping          |     1 |       |       ||     1
